Map: Abyssal Reef LE

Players

IllIIIllIIIl

  • Race: Terran Terran
  • Spawn Location: 5:00

A.I. 1 (Elite) - Winner!

  • Race: Terran Terran
  • Spawn Location: 11:00

VOD

Have the link to the VOD?

Description

Time

  • Played on: Jan. 14, 2018, 1:32 p.m.
  • Length: 9:21
Show
View Real Time Build Order
Export as new Build Order

IllIIIllIIIl Terran 

Build Orders: Reaper Expand 

Get SALT Encoding   

  12  0:01  SCV  
  13  0:15  SCV  
  13  0:17  Supply Depot  
  14  0:28  SCV  
  15  0:30  Refinery  
  15  0:40  SCV  
  16  0:46  Barracks  
  16  0:52  SCV  
  17  1:04  SCV  
  18  1:16  SCV  
  19  1:33  Reaper, Orbital Command  
  20  1:46  Command Center  
  20  1:57  Factory  
  20  2:01  SCV  
  20  2:07  Refinery  
  21  2:10  Barracks Reactor  
  21  2:15  SCV  
  22  2:23  Supply Depot  
  22  2:27  SCV  
  23  2:42  Factory Tech Lab  
  23  2:44  Starport  
  23  2:45  SCV  
  24  2:52  Marine x2  
  24  2:57  SCV  
  24  2:58  Orbital Command  
  27  3:07  Siege Tank  
  27  3:12  Marine  
  30  3:17  SCV  
  32  3:21  Starport Reactor  
  32  3:26  Marine  
  33  3:29  SCV  
  33  3:30  Marine, SCV  
  36  3:39  Siege Tank  
  39  3:41  SCV  
  39  3:42  SCV  
  39  3:46  Marine, Supply Depot  
  39  3:48  Marine  
  42  3:53  SCV  
  42  3:54  SCV  
  45  3:56  Refinery  
  45  4:05  SCV  
  45  4:07  Supply Depot  
  45  4:08  SCV  
  47  4:14  Medivac  
  47  4:15  Medivac  
  51  4:18  SCV  
  51  4:19  Marine x2  
  54  4:27  Supply Depot  
  54  4:29  SCV  
  54  4:30  SCV  
  56  4:32  Siege Tank  
  56  4:36  Supply Depot  
  56  4:37  Marine x2  
  61  4:41  SCV  
  62  4:49  Medivac, SCV  
  65  4:53  SCV  
  65  4:56  Supply Depot  
  65  4:57  Medivac  
  68  5:01  SCV  
  68  5:02  Supply Depot  
  68  5:05  Marine x2, SCV  
  72  5:12  Siege Tank  
  75  5:15  Barracks  
  75  5:17  SCV x2  
  77  5:22  Marine  
  77  5:23  Marine  
  79  5:35  SCV  
  79  5:36  Command Center, SCV  
  79  5:40  Refinery, Marine x2  
  83  5:43  Engineering Bay  
  83  5:54  Medivac, Siege Tank  
  83  5:56  Medivac  
  90  5:58  Marine x2  
  90  6:02  Supply Depot  
  93  6:04  Barracks Tech Lab  
  93  6:06  SCV x2  
  94  6:15  Terran Infantry Weapons Level 1  
  93  6:29  Marine  
  93  6:30  Marine x2  
  93  6:31  Siege Tank, Stimpack  
  92  6:36  SCV x2  
  94  6:46  Barracks  
  94  6:47  Barracks  
  94  6:48  Barracks, SCV  
  94  6:49  Factory  
  94  6:51  Engineering Bay  
  94  6:53  Armory, Marine x3  
  98  6:57  SCV  
  98  7:00  Orbital Command  
  99  7:10  Marine  
  99  7:11  Marine x2  
  102  7:21  Terran Infantry Armor Level 1, Orbital Command  
  102  7:23  SCV x2  
  104  7:31  Supply Depot  
  104  7:35  Marine x2, SCV x2  
  104  7:36  Barracks Reactor  
  108  7:37  Barracks Reactor x2  
  108  7:38  Marine  
  108  7:39  Factory Tech Lab, Siege Tank  
  108  7:41  Medivac  
  114  7:44  Medivac  
  114  7:50  Supply Depot  
  116  7:57  SCV x3  
  119  8:01  Refinery  
  119  8:04  Refinery  
  119  8:06  Marine x2  
  119  8:07  Marine  
  119  8:08  Siege Tank  
  119  8:11  SCV x3  
  128  8:14  Supply Depot  
  128  8:15  Supply Depot  
  128  8:18  Marine x4  
  132  8:24  Marine  
  133  8:35  Marine x4, Siege Tank  
  133  8:36  Medivac, Marine, Supply Depot x2  
  133  8:37  Marine x2, Supply Depot  
  133  8:38  Marine  
  146  8:42  Marine  
  147  8:51  Supply Depot  
  147  8:53  Marine  
  147  8:54  Marine  
  149  8:57  Marine x2  
  149  8:58  Marine x4, SCV x3  
  149  9:00  Marine  
  172  9:18  Command Center  
Show
View Real Time Build Order
Export as new Build Order

A.I. 1 (Elite) Terran - Winner!

Build Orders: MMM Bio 

Get SALT Encoding   

  12  0:00  SCV  
  13  0:13  SCV  
  14  0:18  Supply Depot  
  14  0:25  SCV  
  15  0:40  SCV  
  16  0:43  Barracks  
  16  0:52  SCV  
  17  1:04  SCV  
  18  1:16  Supply Depot, SCV  
  19  1:21  Refinery  
  19  1:28  SCV  
  19  1:30  Marine  
  21  1:40  SCV  
  22  1:48  Marine  
  22  1:50  Barracks  
  22  1:52  SCV  
  22  1:53  Refinery  
  24  2:02  Supply Depot  
  24  2:04  SCV  
  24  2:05  Marine  
  26  2:16  SCV  
  27  2:23  Marine  
  27  2:25  Factory  
  27  2:28  SCV  
  29  2:37  Marine  
  29  2:41  Orbital Command, Marine  
  31  2:55  Marine  
  32  2:59  Marine  
  33  3:06  SCV  
  34  3:13  Marine  
  34  3:18  SCV  
  35  3:22  Command Center  
  35  3:30  SCV  
  36  3:43  SCV  
  36  3:44  Barracks  
  37  3:49  Barracks Tech Lab  
  37  3:53  Barracks Tech Lab  
  37  3:55  SCV  
  38  4:02  Starport  
  38  4:03  Factory Tech Lab  
  38  4:07  SCV  
  38  4:09  Supply Depot  
  39  4:28  Stimpack  
  39  4:31  Marine x2, SCV  
  42  4:33  Combat Shields, SCV  
  43  4:43  SCV  
  44  4:46  SCV  
  44  4:47  Marine  
  44  4:50  Marine  
  44  4:52  Marine  
  48  4:55  SCV  
  48  4:58  SCV  
  50  5:03  Supply Depot  
  50  5:07  SCV  
  50  5:08  Marauder  
  50  5:10  SCV  
  50  5:11  Marauder  
  56  5:19  SCV  
  57  5:23  Orbital Command  
  57  5:29  Marauder  
  57  5:32  Marauder  
  61  5:38  Engineering Bay  
  61  5:41  Supply Depot  
  61  5:46  Command Center  
  61  5:51  Marauder  
  63  6:03  Marauder  
  65  6:12  Marauder  
  65  6:15  Engineering Bay  
  65  6:18  Barracks Reactor  
  67  6:24  Marauder  
  68  6:26  Siege Tank  
  46  6:33  Marine  
  29  6:59  Marine  
  28  7:08  Marine x2  
  29  7:16  Marine  
  29  7:26  Marine  
  27  7:33  Marine  
  6  8:52  SCV  
  6  9:04  SCV  
Tags
 
Composition
MMM Bio
Matchup
TvT
Race
Terran
Spawn Locations
Cross Positions
Add a new tag
Caveats
  • Supply blocks, unpowered buildings, or Contaminate may cause inaccurate times.
  • Supply counts are checked every 10 seconds.